 Dungeon Crawl Stone Soup version 0.31.0-11-ge490571c62 (console) character file.

Game seed: 8993663870171826768

147 Ignak the Magician (level 5, -1/37 HPs)
             Began as a Gnoll Hedge Wizard on Feb 7, 2024.
             Killed from afar by a white imp (11 damage)
             ... with a puff of frost
             ... on level 3 of the Dungeon.
             The game lasted 00:05:41 (2027 turns).

Ignak the Magician (Gnoll Hedge Wizard)             Turns: 2027, Time: 00:05:42

Health: -1/37      AC:  2    Str: 10    XL:     5   Next: 29%
Magic:  9/14       EV: 12    Int: 15    God:
Gold:   124        SH:  0    Dex: 11    Spells: 10/18 levels left

rFire   . . .        e - +0 short sword
rCold   . . .        (no shield)
rNeg    . . .        m - +3 leather armour of Parts Unknown {*Corrode rPois Stlth+}
rPois   +            c - +0 hat
rElec   .            (no cloak)
rCorr   .            (no gloves)
SInv    .            (no boots)
Will    .....        (no amulet)
Stlth   +++          (no ring)
HPRegen 0.26/turn    (no ring)
MPRegen 0.14/turn

%: corrode self (3%)
@: corroded
A: fangs 1, strong nose, distributed training
a: no special abilities


You were on level 3 of the Dungeon.
You visited 1 branch of the dungeon, and saw 3 of its levels.

You collected 124 gold pieces.

Inventory:

Hand Weapons
 e - a +0 short sword (weapon)
Missiles
 g - 5 poisoned darts (quivered)
Armour
 c - a +0 hat (worn)
 m - the +3 leather armour of Parts Unknown (worn) {*Corrode rPois Stlth+}
   (You found it on level 2 of the Dungeon)

   rPois:     It protects you from poison *Corrode: It may corrode you when you
   take damage.
   Stlth+:    It makes you more stealthy.
Jewellery
 l - a ring of fire
Scrolls
 a - a scroll of torment {unknown}
 b - a scroll of acquirement {unknown}
 f - a scroll of enchant armour {unknown}
 i - a scroll of fear {unknown}
 j - a scroll of identify {unknown}
 k - a scroll of vulnerability {unknown}
Potions
 d - a potion of magic
 h - 2 potions of curing {unknown}


   Skills:
 + Level 1.5 Fighting
 + Level 1.5 Short Blades
 + Level 1.5 Long Blades
 + Level 1.5 Axes
 + Level 1.5 Maces & Flails
 + Level 1.5 Polearms
 + Level 1.5 Staves
 + Level 1.5 Ranged Weapons
 + Level 1.5 Throwing
 + Level 1.5 Armour
 + Level 4.8 Dodging
 + Level 4.4 Stealth
 + Level 1.5 Shields
 + Level 1.5 Unarmed Combat
 + Level 7.3 Spellcasting
 + Level 2.4 Conjurations
 + Level 1.2 Hexes
 + Level 2.4 Summonings
 + Level 1.2 Necromancy
 + Level 2.4 Translocations
 + Level 1.2 Fire Magic
 + Level 1.2 Ice Magic
 + Level 1.2 Air Magic
 + Level 1.2 Earth Magic
 + Level 1.2 Alchemy
 + Level 1.7 Invocations
 + Level 1.5 Evocations
 + Level 1.3 Shapeshifting


You had 10 spell levels left.
You knew the following spells:

 Your Spells              Type           Power      Damage    Failure   Level
a - Magic Dart            Conj           48%        1d5       6%          1
b - Blink                 Tloc           24%        N/A       10%         2
d - Mephitic Cloud        Conj/Alch/Air  10%        N/A       26%         3
e - Call Imp              Summ           24%        N/A       10%         2

Your spell library contained the following spells:

 Spells                   Type           Power      Damage    Failure   Level
 Slow                     Hex            36%        N/A       11%         1
 Cigotuvi's Dreadful Rot  Necr/Alch/Air  18%        N/A       16%         2


Dungeon Overview and Level Annotations

Branches:
Dungeon (3/15)

Altars:
Zin

Shops:
D:1 [![(


Innate Abilities, Weirdness & Mutations

You have very sharp teeth.
Your uncanny sense of smell can sniff out nearby items.
Your experience applies equally to all skills.


Message History

The white imp barely misses your cerulean imp.
Your cerulean imp barely misses the white imp.
Your cerulean imp hits the white imp with a -3 spear.
You feel ready to blink again.
Your cerulean imp completely misses the white imp.
Your cerulean imp barely misses the white imp.
Your cerulean imp hits the white imp but does no damage.
The white imp gestures at your cerulean imp.
The puff of frost hits your cerulean imp!
Your cerulean imp dies!
Your cerulean imp disappears in a puff of smoke!
The white imp shouts, "Away with thee, thou pribbling boil-brained reprobate!"
The white imp gestures at you. The puff of frost hits you.
Your corrosive artefact corrodes you!
The endoplasm enters a dispersal trap!
The white imp blinks!
You blink.
The endoplasm blinks!
The endoplasm attacks as it pursues you!
The endoplasm barely misses you.
Casting: Blink (safe; 10% risk of failure)
Confirm with . or Enter, or press ? or * to list all spells.
A tiny devil pulls itself out of the air.
The endoplasm hits you. The white imp gestures at you.
The puff of frost hits you. The endoplasm closely misses you.
Your cerulean imp hits the endoplasm but does no damage.
Your cerulean imp barely misses the endoplasm.
The endoplasm enters a dispersal trap!
Your cerulean imp blinks! x3
The white imp blinks!
You blink.
The endoplasm blinks!
Your cerulean imp hits the endoplasm but does no damage.
The white imp shouts, "Away with thee, thou mammering dismal-dreaming swadder!"
The white imp gestures at you. The puff of frost hits you!
* * * LOW HITPOINT WARNING * * *
Your cerulean imp hits the endoplasm but does no damage.
The endoplasm misses your cerulean imp. The white imp gestures at you.
The puff of frost hits you!
You die...

.# #.#.#....#######
.#.#...............
.#.###.#....#######
..............>#
.#####.#...§##.####
....##.#....J.....#
....##.####..5.)..#
.......# #.5.^...#
.#..#### #...§.@.#
.##.### #§..)...#
..#...# ####)####
#.#.### #.####
#.#)### #....#
#...).# ####.#
#..)..###### #.#
#..........### #.#
#.....####...## #.#


You could see a white imp, an endoplasm (distracted, ally target) and a friendly
cerulean imp (summoned).

Vanquished Creatures
  An orc priest (D:3)
  An orc wizard (D:3)
  Terence (D:2)
  An adder (D:2)
  5 orcs (D:3)
  7 ball pythons
  3 endoplasms
  2 giant cockroaches
  8 goblins
  3 hobgoblins
  6 kobolds
  4 quokkas
  5 bats
  A frilled lizard (D:2)
  6 rats
54 creatures vanquished.

Vanquished Creatures (collateral kills)
  A goblin (D:1)
  A kobold (D:1)
2 creatures vanquished.

Grand Total: 56 creatures vanquished

Notes
Turn   | Place    | Note
-------+----------+-------------------------------------------
     0 | D:1      | Ignak the Gnoll Hedge Wizard began the quest for the Orb.
     0 | D:1      | Reached XP level 1. HP: 13/13 MP: 8/8
   187 | D:1      | Reached XP level 2. HP: 13/19 MP: 8/10
   241 | D:1      | Learned a level 2 spell: Blink
   244 | D:1      | Learned a level 2 spell: Call Imp
   388 | D:1      | Found Gaus's Distillery.
   402 | D:1      | Found Zituuxy's Armour Emporium.
   503 | D:1      | Found Inielec's Antique Armour Emporium.
   584 | D:1      | Found Maeko's Weapon Shoppe.
   602 | D:1      | Reached XP level 3. HP: 15/25 MP: 11/11
   877 | D:2      | Reached skill level 1 in Invocations
   995 | D:2      | Noticed Terence
  1048 | D:1      | Learned a level 3 spell: Mephitic Cloud
  1167 | D:2      | Killed Terence
  1168 | D:2      | Reached skill level 1 in Fighting
  1168 | D:2      | Reached skill level 1 in Short Blades
  1168 | D:2      | Reached skill level 1 in Long Blades
  1168 | D:2      | Reached skill level 1 in Axes
  1168 | D:2      | Reached skill level 1 in Maces & Flails
  1168 | D:2      | Reached skill level 1 in Polearms
  1168 | D:2      | Reached skill level 1 in Staves
  1168 | D:2      | Reached skill level 1 in Ranged Weapons
  1168 | D:2      | Reached skill level 1 in Throwing
  1168 | D:2      | Reached skill level 1 in Armour
  1168 | D:2      | Reached skill level 1 in Shields
  1168 | D:2      | Reached skill level 1 in Unarmed Combat
  1168 | D:2      | Reached skill level 1 in Evocations
  1168 | D:2      | Reached skill level 1 in Shapeshifting
  1168 | D:2      | Reached XP level 4. HP: 28/32 MP: 8/13
  1458 | D:2      | Identified the +3 leather armour of Parts Unknown {*Corrode
                  | rPois Stlth+}
  1758 | D:3      | Found a glowing silver altar of Zin.
  1783 | D:3      | Reached skill level 1 in Hexes
  1783 | D:3      | Reached skill level 1 in Necromancy
  1783 | D:3      | Reached skill level 1 in Fire Magic
  1783 | D:3      | Reached skill level 1 in Ice Magic
  1783 | D:3      | Reached skill level 1 in Air Magic
  1783 | D:3      | Reached skill level 1 in Earth Magic
  1783 | D:3      | Reached skill level 1 in Alchemy
  1902 | D:3      | Reached XP level 5. HP: 32/37 MP: 14/14
  2027 | D:3      | Killed from afar by a white imp

Illustrated notes

Levels and vault maps discovered:
D:1:      minmay_arrival_up_and_down, layout_basic, serial_shops,
          nicolae_shop_behind_doors, shop, shop, nicolae_shop_real_fake_doors
D:2:      layout_loops_ring, minmay_liquid_box, uniq_terence
D:3:      lemuel_castle_with_subvaults [lemuel_castle_interior_carwin_1],
          layout_basic, zin_scriptorium, uniq_natasha

Skill      XL: |  1  2  3  4 |
---------------+-------------+-----
Conjurations   | 2 |  2.4
Summonings     | 2 |  2.4
Translocations | 2 |  2.4
Invocations    | 1 |  1.7
Fighting       | 1 |  1.5
Short Blades   | 1 |  1.5
Long Blades    | 1 |  1.5
Axes           | 1 |  1.5
Maces & Flails | 1 |  1.5
Polearms       | 1 |  1.5
Staves         | 1 |  1.5
Ranged Weapons | 1 |  1.5
Throwing       | 1 |  1.5
Armour         | 1 |  1.5
Shields        | 1 |  1.5
Unarmed Combat | 1 |  1.5
Evocations     | 1 |  1.5
Shapeshifting  | 1 |  1.3
Hexes          | 1 |  1.2
Necromancy     | 1 |  1.2
Fire Magic     | 1 |  1.2
Ice Magic      | 1 |  1.2
Air Magic      | 1 |  1.2
Earth Magic    | 1 |  1.2
Alchemy        | 1 |  1.2
Dodging        | |  4.8
Stealth        | |  4.4
Spellcasting   | |  7.3

Action                     |  1- 3 |  4- 6 || total
---------------------------+-------+-------++-------
  Melee: Short sword       |    74 |    89 ||   163
         Dagger            |     4 |       ||     4
         Bite              |    10 |     8 ||    18
         Punch             |     2 |     2 ||     4
  Throw: Dart              |     6 |       ||     6
   Cast: Magic Dart        |    29 |       ||    29
         Mephitic Cloud    |     2 |     3 ||     5
         Call Imp          |     1 |     3 ||     4
         Blink             |       |     2 ||     2
   Stab: Sleeping          |     5 |     1 ||     6
         Confused          |     3 |     3 ||     6
 Armour: Robe              |    43 |     5 ||    48
         Leather armour    |       |    47 ||    47
  Dodge: Dodged            |    70 |    61 ||   131
